 Dungeon Crawl Stone Soup version 0.17.1-3-g152610e (webtiles) character file.

67490 Miyamura the Thrower (level 14, -1/141 HPs)
             Began as a Troll Hunter on Apr 1, 2016.
             Was the Champion of Okawaru.
             Killed from afar by a fire drake (24 damage)
             ... with a blast of flame
             ... on level 8 of the Lair of Beasts on Apr 4, 2016.
             The game lasted 01:17:50 (25928 turns).

Miyamura the Thrower (Troll Hunter)                Turns: 25928, Time: 01:17:51

Health: -1/141     AC: 14    Str: 23    XL:     14   Next: 83%
Magic:  9/15       EV: 16    Int: 10    God:    Okawaru [******]
Gold:   1307       SH:  0    Dex: 11    Spells: 0 memorised, 13 levels left

rFire  . . .     SeeInvis .     N - +9 great mace (protect)
rCold  + . .     Clarity  .     q - +2 robe {rC+}
rNeg   + . .     SustAt   .     (shield currently unavailable)
rPois  +         Gourm    +     W - +2 hat of the Merchant {rN+}
rElec  +         Spirit   .     (no cloak)
rCorr  .         Warding  .     (gloves unavailable)
rMut   .         Stasis   .     (boots unavailable)
MR     +....                    Y - amulet of faith
Stlth  +++.......               m - +5 ring of slaying
                                G - ring of poison resistance

@: about to teleport, heroism, finesse, somewhat resistant to hostile
enchantments, fairly stealthy
A: unfitting armour, claws 3, horns 1, fast metabolism 3, gourmand, regeneration
2, shaggy fur 1, electricity resistance, tough skin 2
a: Heroism, Finesse, Renounce Religion


You were on level 8 of the Lair of Beasts.
You worshipped Okawaru.
Okawaru was exalted by your worship.
You were very full.

You visited 5 branches of the dungeon, and saw 22 of its levels.
You also visited: Ossuary and Ice Cave.

You collected 1687 gold pieces.
You spent 380 gold pieces at shops.

Inventory:

Hand Weapons
 N - a +9 great mace of protection (weapon)
Missiles
 d - 2 throwing nets
 k - 9 tomahawks of returning
 F - 19 large rocks (quivered)
Armour
 q - a +2 robe of cold resistance (worn)
 W - the +2 hat of the Merchant (worn) {rN+}
   (You found it on level 1 of the Lair of Beasts)

   It protects you from negative energy.
Jewellery
 b - an uncursed amulet of stasis {unknown}
 l - an uncursed ring of protection from magic
 m - a +5 ring of slaying (right claw)
 t - an uncursed ring of flight
 v - an uncursed ring of see invisible
 G - a ring of poison resistance (left claw)
 P - an uncursed amulet of resist mutation
 U - an uncursed amulet of clarity
 Y - an amulet of faith (around neck)
Wands
 n - a wand of fire (11)
 o - a wand of cold (9)
 u - a wand of teleportation (5)
 z - a wand of frost (12)
 B - a wand of confusion (48)
 C - a wand of draining (5)
 K - a wand of paralysis (9)
 O - a wand of invisibility (4)
 T - a wand of digging (11)
 X - a wand of teleportation (5)
Scrolls
 f - 5 scrolls of amnesia
 s - 7 scrolls of remove curse
 w - 3 scrolls of teleportation
 y - 2 scrolls of magic mapping
 D - a scroll of blinking
 I - a scroll of fog
 V - 3 scrolls of enchant armour
Potions
 c - 5 potions of flight
 g - 4 potions of lignification
 j - a potion of agility
 p - 9 potions of brilliance
 x - a potion of magic
 A - 2 potions of curing
 J - a potion of haste
 M - a potion of invisibility
 Q - a potion of ambrosia
 Z - a potion of cure mutation {!q}
Books
 i - a book of Burglary

   Spells                             Type                      Level
   a - Swiftness                      Charms/Air                   2
   b - Passwall                       Transmutation/Earth          3
   c - Passage of Golubria            Translocation                4
   d - Lee's Rapid Deconstruction     Earth                        5
   e - Darkness                       Hexes                        6
   f - Invisibility                   Hexes                        6
Comestibles
 a - 13 meat rations
 e - 8 bread rations
 h - 24 royal jellies
 E - 6 fruits
 L - 3 slices of pizza
 R - 2 beef jerkies


   Skills:
 + Level 9.9(14.9) Fighting
 + Level 10.0(15.0) Maces & Flails
 + Level 11.4(16.4) Throwing
 + Level 10.1(15.1) Dodging
 - Level 5.0(10.0) Stealth
 - Level 11.2(16.2) Unarmed Combat
 + Level 3.9 Invocations


You had 13 spell levels left.
You didn't know any spells.

Dungeon Overview and Level Annotations

Branches:
Dungeon (11/15)            Temple (1/1) D:5            Lair (8/8) D:9
  Swamp (1/4) Lair:5       Spider (0/4) Lair:5        Slime (0/6) Lair:6
    Orc (1/4) D:11

Altars:
Ashenzari
Cheibriados
Dithmenos
Elyvilon
Fedhas
Gozag
Kikubaaqudgha
Makhleb
Nemelex Xobeh
Okawaru
Qazlal
Ru
Sif Muna
Trog
Vehumet
Xom
Yredelemnul
Zin
The Shining One
Beogh

Shops:
D:4 !   D:6 }   D:7 [*%   D:8 (

Annotations:
Lair:3 exclusion: 2 oklob plants


Innate Abilities, Weirdness & Mutations

You are too large for most types of armour.
You have claws for hands.
Your metabolism is lightning-fast.
You like to eat raw meat.
You heal very quickly.
You are covered in fur (AC +1).
You have very tough skin (AC +2).
You have a pair of small horns on your head.
You are resistant to electric shocks.


Message History

Unknown command.
Read which item? (? for menu, Esc to quit)
As you read the scroll of teleportation, it crumbles to dust.
You feel strangely unstable. The wyvern barely misses you.
The hippogriff bites you but does no damage.
The hippogriff misses you. The hippogriff claws you.
* * * LOW HITPOINT WARNING * * *
The basilisk bites you!
* * * LOW HITPOINT WARNING * * *
Unknown command.
You hammer the wyvern like a gong!!!
You kill the wyvern!
Okawaru accepts your kill.
You hear a screech!
You bludgeon the hippogriff!!
You kill the hippogriff!
Okawaru accepts your kill. The fire drake breathes flames at you.
The blast of flame hits you!
You die...

##..#......# .#..
#.#.#....## #...PP .#
...###...#######...#.
.##...
##.)..#..##$...... ..#..
#..............#
......P.............P##
.#.#............<(.P.##
#.#......#..##.†##(.P.#
..P....#...P...l@†k...#
.......###########k(...#
...#..# #....## .#..#
##.l..# ...# .....# ...#
.H....# .#############
#....## .#.##..##.#.P#
##D### .....†.......##


You could see 2 basilisks and 2 fire drakes.

Vanquished Creatures
  A frost giant (IceCv)
  A dire elephant (Lair:8)
  Snorg (Lair:5)
  Fannar (Lair:1)
  7 hydras
  7 death yaks
  The ghost of Freud the Slicer, a journeyman VSFi of Okawaru (Lair:2)
  A hill giant (D:10)
  An oklob plant (Lair:3)
  4 griffons
  A manticore (Lair:8)
  An orc sorcerer (D:11)
  An ugly thing (D:11)
  12 elephants
  4 black mambas
  A torpor snail (Lair:7)
  An ice statue (IceCv)
  Psyche (D:9)
  The ghost of Shufflesack the Magician, a novice DrAE (D:5)
  3 fire drakes
  8 komodo dragons
  12 spiny frogs
  A troll (D:9)
  14 polar bears
  2 queen bees
  Grinder (D:3)
  9 blink frogs
  A two-headed ogre (D:10)
  A boulder beetle (Lair:7)
  A spriggan (Lair:1)
  7 wyverns
  2 hungry ghosts
  Grum (Lair:1)
  3 basilisks
  71 yaks
  28 wolves
  2 wargs
  Menkaure (D:6)
  13 hippogriffs
  6 swamp worms (Lair:5)
  13 water moccasins
  2 wasps
  13 porcupines
  5 phantoms
  5 ogres
  8 orc warriors
  A black bear (Lair:3)
  An eye of draining (D:9)
  An ice beast (D:8)
  6 centaurs
  A big kobold (D:9)
  18 crocodiles
  An elf zombie (Ossuary)
  A gnoll sergeant (D:9)
  20 giant frogs
  A wyvern skeleton (D:11)
  5 scorpions
  46 killer bees
  6 electric eels
  3 crimson imps
  A lava snake (D:11)
  5 jellies
  3 giant frog skeletons
  A giant frog zombie (D:7)
  3 hounds
  12 worker ants
  2 centaur zombies
  11 orc priests
  9 iguanas
  An iron imp (D:9)
  A human zombie (Ossuary)
  3 centaur skeletons
  6 orc wizards
  2 gnoll shamans (D:3)
  24 sheep
  4 hell rats
  3 big kobold zombies (Ossuary)
  A hound zombie (Ossuary)
  4 mummies
  35 gnolls
  12 adders
  50 river rats
  2 shadow imps (D:9)
  3 oozes
  6 adder zombies
  An adder skeleton (D:6)
  2 worms
  8 giant geckos
  66 orcs
  3 ball pythons
  4 bats
  8 giant cockroaches
  3 hobgoblins
  22 jackals
  9 kobolds
  4 quokkas
  A giant gecko zombie (D:6)
  9 giant newts
  2 gnoll zombies (Ossuary)
  10 goblins
  2 goblin skeletons (D:9)
  4 goblin zombies
  4 hobgoblin zombies
  4 jackal zombies (Ossuary)
  2 kobold skeletons (D:9)
  8 kobold zombies
  2 orc zombies
  4 quokka zombies
  8 rats
  3 rat zombies (Ossuary)
  2 plants (Lair:7)
791 creatures vanquished.

Vanquished Creatures (others)
  A polar bear (IceCv)
  4 wolves (IceCv)
  A yak (IceCv)
  An iguana (Lair:6)
  An orc (Orc:1)
  21 fungi
  7 plants
36 creatures vanquished.

Grand Total: 827 creatures vanquished

Notes
Turn   | Place    | Note
--------------------------------------------------------------
     0 | D:1      | Miyamura the Troll Hunter began the quest for the Orb.
     0 | D:1      | Reached XP level 1. HP: 19/19 MP: 0/0
    56 | D:1      | Reached XP level 2. HP: 26/28 MP: 1/1
   524 | D:2      | Found a blossoming altar of Fedhas.
   589 | D:2      | Found a snail-covered altar of Cheibriados.
   650 | D:2      | Reached XP level 3. HP: 35/35 MP: 2/2
   807 | D:2      | Reached skill level 1 in Unarmed Combat
   867 | D:2      | Reached skill level 4 in Throwing
   895 | D:2      | Reached skill level 1 in Stealth
  1319 | D:3      | Found an iron altar of Okawaru.
  1325 | D:3      | Became a worshipper of Warmaster Okawaru
  1332 | D:3      | Reached XP level 4. HP: 40/42 MP: 3/3
  1450 | D:3      | Noticed Grinder
  1456 | D:3      | Killed Grinder
  1456 | D:3      | Reached * piety under Okawaru
  1456 | D:3      | Reached XP level 5. HP: 50/50 MP: 4/4
  1456 | D:3      | Reached XP level 6. HP: 59/59 MP: 5/5
  1894 | D:3      | Noticed an ogre
  2251 | D:4      | Found a basalt altar of Yredelemnul.
  2336 | D:4      | Found a deep blue altar of Sif Muna.
  2429 | D:4      | Found a shattered altar of Ashenzari.
  2448 | D:4      | Reached XP level 7. HP: 60/67 MP: 6/6
  2767 | D:4      | Found Idehes's Distillery.
  2775 | D:4      | Bought a potion of heal wounds for 50 gold pieces
  2775 | D:4      | Bought a potion of mutation for 25 gold pieces
  2775 | D:4      | Bought a potion of might for 40 gold pieces
  2775 | D:4      | Bought a potion of mutation for 25 gold pieces
  2775 | D:4      | Bought a potion of curing for 30 gold pieces
  2776 | D:4      | Gained mutation: You have a pair of small horns on your head. [potion of mutation]
  2776 | D:4      | Gained mutation: Your flesh is heat resistant. [potion of mutation]
  2776 | D:4      | Gained mutation: You are partially covered in molten scales (AC +1). [potion of mutation]
  2777 | D:4      | Gained mutation: You are resistant to electric shocks. [potion of mutation]
  2777 | D:4      | Gained mutation: You have a pair of horns on your head. [potion of mutation]
  2777 | D:4      | Lost mutation: Your flesh is heat resistant. [potion of mutation]
  2864 | D:4      | Reached skill level 5 in Throwing
  3033 | D:5      | Entered Level 5 of the Dungeon
  3203 | D:5      | Found an opulent altar of Gozag.
  3232 | D:5      | Found a staircase to the Ecumenical Temple.
  3286 | D:5      | Found a burning altar of Makhleb.
  3378 | D:5      | Noticed Shufflesack's ghost (novice DrAE)
  3379 | D:5      | Found a sand-covered staircase.
  3403 | D:5      | Killed Shufflesack's ghost
  3403 | D:5      | Reached ** piety under Okawaru
  3403 | D:5      | Reached skill level 1 in Maces & Flails
  3403 | D:5      | Reached XP level 8. HP: 78/78 MP: 7/7
  3442 | Ossuary  | Entered an ossuary
  4242 | Temple   | Entered the Ecumenical Temple
  4771 | D:3      | Reached *** piety under Okawaru
  5245 | D:6      | Reached skill level 6 in Throwing
  5260 | D:6      | Found Wopniurr's Gadget Boutique.
  5277 | D:6      | Bought a wand of teleportation (3) for 210 gold pieces
  5292 | D:6      | Reached XP level 9. HP: 76/84 MP: 8/8
  5432 | D:6      | Reached skill level 5 in Unarmed Combat
  5643 | D:6      | Noticed Menkaure
  5653 | D:6      | Killed Menkaure
  6354 | D:7      | Reached **** piety under Okawaru
  6475 | D:7      | Found Ushroud's General Store.
  6629 | D:7      | Found Uthriepa's Armour Boutique.
  6718 | D:7      | Found Fiyses's Food Shop.
  7452 | D:8      | Found Baroynuwk's Weapon Shoppe.
  7484 | D:8      | Reached skill level 5 in Dodging
  7592 | D:8      | Reached skill level 5 in Fighting
  7968 | D:8      | Reached XP level 10. HP: 88/96 MP: 9/9
  7985 | D:8      | Lost mutation: You are partially covered in molten scales (AC +1). [potion of cure mutation]
  7985 | D:8      | Lost mutation: You have a pair of horns on your head. [potion of cure mutation]
  8011 | D:8      | Reached skill level 7 in Throwing
  8380 | D:8      | Found a sparkling altar of Nemelex Xobeh.
  8392 | D:8      | Received a gift from Okawaru
  8582 | D:9      | Found a white marble altar of Elyvilon.
  8957 | D:9      | Reached ***** piety under Okawaru
  8970 | D:9      | Found an ancient bone altar of Kikubaaqudgha.
  9002 | D:9      | Found a staircase to the Lair.
  9286 | D:9      | Noticed Psyche
  9344 | D:9      | Killed Psyche
  9344 | D:9      | Received a gift from Okawaru
  9368 | D:9      | Reached skill level 5 in Maces & Flails
  9706 | Lair:1   | Entered Level 1 of the Lair of Beasts
  9851 | D:9      | Reached XP level 11. HP: 98/105 MP: 10/10
  9927 | D:9      | Reached skill level 5 in Stealth
 10060 | D:9      | Found a glowing golden altar of the Shining One.
 10275 | D:10     | Entered Level 10 of the Dungeon
 10465 | D:10     | Received a gift from Okawaru
 10499 | D:10     | Noticed a hill giant
 10507 | D:10     | Killed a hill giant
 10879 | D:11     | Reached skill level 8 in Throwing
 10951 | D:11     | Received a gift from Okawaru
 11011 | D:11     | Noticed an unseen horror
 11383 | D:11     | Found a roughly hewn altar of Beogh.
 11383 | D:11     | Found a staircase to the Orcish Mines.
 12422 | Orc:1    | Entered Level 1 of the Orcish Mines
 12807 | Lair:1   | Noticed Fannar
 12820 | Lair:1   | Noticed Grum
 12845 | Lair:1   | Killed Grum
 12914 | Lair:1   | Got a translucent hat
 12925 | Lair:1   | Identified the +2 hat of the Merchant {rN+} (You found it on level 1 of the Lair of Beasts)
 13082 | Lair:1   | Killed Fannar
 13164 | Lair:1   | You fall through a shaft!
 13472 | Lair:1   | Reached XP level 12. HP: 54/118 MP: 8/11
 13627 | Lair:2   | Noticed Freud's ghost (journeyman VSFi)
 13637 | Lair:2   | Killed Freud's ghost
 14649 | Lair:3   | Reached skill level 9 in Throwing
 14680 | Lair:3   | Received a gift from Okawaru
 15027 | Lair:3   | Received a gift from Okawaru
 16292 | Lair:3   | Received a gift from Okawaru
 16884 | Lair:4   | Received a gift from Okawaru
 16952 | Lair:4   | Received a gift from Okawaru
 17231 | Lair:4   | Reached XP level 13. HP: 39/127 MP: 9/12
 17232 | Lair:4   | Reached skill level 10 in Unarmed Combat
 18527 | Lair:5   | Noticed Snorg
 18541 | Lair:5   | Killed Snorg
 18541 | Lair:5   | Received a gift from Okawaru
 18549 | Lair:5   | Found a hole to the Spider Nest.
 19205 | Lair:5   | Reached skill level 10 in Throwing
 19210 | Lair:5   | Found a staircase to the Swamp.
 19325 | Swamp:1  | Entered Level 1 of the Swamp
 19962 | Lair:6   | Received a gift from Okawaru
 19989 | Lair:6   | Found a staircase to the Slime Pits.
 20980 | Lair:6   | Received a gift from Okawaru
 21480 | Lair:7   | Found a frozen archway.
 21646 | IceCv    | Entered an ice cave
 21652 | IceCv    | Reached skill level 11 in Unarmed Combat
 21907 | IceCv    | Reached XP level 14. HP: 61/140 MP: 13/13
 22541 | IceCv    | Reached ****** piety under Okawaru
 22867 | IceCv    | Noticed a frost giant
 23048 | IceCv    | Killed a frost giant
 23048 | IceCv    | Received a gift from Okawaru
 23048 | IceCv    | Reached skill level 1 in Invocations
 23275 | Lair:7   | Got a crystal mace
 23276 | Lair:7   | Identified the cursed +0 mace of Terror {crush, +Inv Stlth+} (You found it on level 7 of the Lair of Beasts)
 23501 | Lair:7   | Received a gift from Okawaru
 23677 | Lair:7   | Got a crude dire flail {god gift}
 23678 | Lair:7   | Identified the +1 dire flail of Naxoint {crush, *Rage rPois Dex+4} (Okawaru gifted it to you on level 7 of the Lair of Beasts)
 24642 | Lair:8   | Entered Level 8 of the Lair of Beasts
 24680 | Lair:8   | Received a gift from Okawaru
 25310 | Lair:8   | Received a gift from Okawaru
 25561 | Lair:8   | Reached skill level 10 in Dodging
 25629 | Lair:8   | Reached skill level 10 in Maces & Flails
 25814 | Lair:8   | Received a gift from Okawaru
 25821 | Lair:8   | Got a bloodstained great mace {god gift}
 25822 | Lair:8   | Identified the +9 great mace "Spiderslayer" {crush, Int+2} (Okawaru gifted it to you on level 8 of the Lair of Beasts)
 25928 | Lair:8   | Killed from afar by a fire drake

Action                   |  1- 3 |  4- 6 |  7- 9 | 10-12 | 13-15 || total
-------------------------+-------+-------+-------+-------+-------++-------
Melee: Unarmed           |    95 |    98 |     9 |       |       ||   202
       Whip              |       |       |   389 |   680 |       ||  1069
       Great mace        |       |       |       |   255 |   600 ||   855
Throw: Large rock        |       |     3 |    18 |     5 |    51 ||    77
       Throwing net      |       |       |     2 |       |       ||     2
       Javelin           |       |       |       |    42 |       ||    42
       Tomahawk          |       |       |       |    12 |     1 ||    13
Invok: Heroism           |       |       |     3 |    11 |    13 ||    27
       Finesse           |       |       |       |     1 |     2 ||     3
Evoke: Wand              |       |       |     2 |     1 |     3 ||     6
  Use: Scroll            |     4 |     2 |    13 |     8 |    17 ||    44
       Potion            |       |     1 |     9 |    20 |     6 ||    36
 Stab: Sleeping          |     2 |       |     8 |    10 |     6 ||    26
       Distracted        |       |       |       |     2 |     2 ||     4
       Invisible         |       |       |       |       |     5 ||     5
  Eat: Chunk             |    17 |    10 |    48 |   101 |    82 ||   258
       Royal jelly       |       |       |       |     1 |       ||     1
